 Dungeon Crawl Stone Soup version 0.30-a0-953-g5f1da4a474 (webtiles) character file.

Game seed: 4962203802115899098

488 Dirian the Covered (level 6, -4/87 HPs)
             Began as a Minotaur Fighter on Mar 28, 2023.
             Slain by Maggie
             ... wielding a +2 long sword of flaming
              (7 damage)
             ... on level 6 of the Dungeon.
             The game lasted 00:04:59 (2505 turns).

Dirian the Covered (Minotaur Fighter)               Turns: 2505, Time: 00:05:00

Health: -4/87      AC:  9    Str: 20 (22) XL:     6   Next: 90%
Magic:  5/5        EV:  9    Int:  4 (5)  God:
Gold:   153        SH:  4    Dex:  7 (10) Spells: 5/5 levels left

rFire   + . .      SeeInvis .    a - +2 war axe
rCold   + . .      Faith    .    c - +0 buckler
rNeg    . . .      Spirit   .    b - +0 scale mail
rPois   +          Reflect  .    (helmet restricted)
rElec   +          Rampage  .    s - scarf {shadows}
rCorr   +                        m - +0 pair of gloves
Will    .....                    (no boots) Stlth
                                 (no amulet)
HPRegen 0.34/turn                g - ring of resist corrosion
MPRegen 0.09/turn                l - ring of poison resistance

@: berserking, resistant, very quick
A: horns 2, retaliatory headbutt
a: no special abilities


You were on level 6 of the Dungeon.
You visited 1 branch of the dungeon, and saw 5 of its levels.

You collected 153 gold pieces.

Inventory:

Hand Weapons
 a - a +2 war axe (weapon)
Armour
 b - a +0 scale mail (worn)
 c - a +0 buckler (worn)
 m - a +0 pair of gloves (worn)
 s - a scarf of shadows (worn)
Jewellery
 g - a ring of resist corrosion (left hand)
 l - a ring of poison resistance (right hand)
Scrolls
 j - a scroll of fog
 q - a scroll of fear
 z - a scroll of blinking
Potions
 d - 2 potions of might
 f - 2 potions of flight
 o - a potion of magic {unknown}
 t - a potion of ambrosia {unknown}
 u - a potion of heal wounds {unknown}


   Skills:
 + Level 6.3 Fighting
 - Level 2.4 Axes
 + Level 6.7 Armour
 + Level 5.4 Shields


You had 5 spell levels left.
You didn't know any spells.
Your spell library contained the following spells:

 Spells                   Type           Power      Damage    Failure   Level
 Summon Guardian Golem    Hex/Summ       0%         N/A       99%         3
 Orb of Destruction       Conj           0%         9d5       100%        7
 Spellforged Servitor     Conj/Summ      0%         N/A       100%        7


Dungeon Overview and Level Annotations

Branches:
Dungeon (4/15) Zot: 26837
 Temple: D:4-7

Altars:

Shops:
D:3 (

Annotations:
D:6 Maggie


Innate Abilities, Weirdness & Mutations

You have a pair of horns on your head.
You reflexively headbutt those who attack you in melee.


Message History

Things that are here:
an adder corpse; a scorpion corpse You barely miss the ogre.
You headbutt the ogre.
The ogre is lightly wounded.
The ogre hits you with a +0 giant club!!
You slash the ogre!
The ogre is heavily wounded.
The ogre hits you with a +0 giant club!
Maggie drinks a potion.
Maggie flickers and vanishes!
Deactivating autopickup; reactivate with Ctrl-A.
You hit the ogre.
The ogre is severely wounded.
The ogre barely misses you.
You slash the ogre!
The ogre is almost dead.
The ogre hits you with a +0 giant club!!
* * * LOW HITPOINT WARNING * * *
You hit the ogre but do no damage.
You headbutt the ogre, but do no damage.
The ogre is almost dead.
The ogre closely misses you.
You hit the ogre.
You kill the ogre!
It was a potion of resistance.
You feel protected. Something hits you.
* * * LOW HITPOINT WARNING * * *
Something burns you.
* * * LOW HITPOINT WARNING * * *
It was a potion of degeneration.
There was something very wrong with that liquid.
You feel weakened.
You feel dopey.
You feel clumsy. Something hits you but does no damage.
It was a potion of berserk rage.
A red film seems to cover your vision as you go berserk!
You feel yourself moving faster!
You feel mighty!
You hear some strange, mumbled words.
You are too berserk!
You slash something! Something hits you!
You die...

########
###..)@..#
###(..####...#
###..~.##..###~..#
##....##).....#
...
##.≈.@##..####..
.[ #...~##..## ~
#≈...#..# #.~~.#8.
#...~#..


There were no monsters in sight!

Vanquished Creatures
  A sky beast (D:6)
  An ice beast (D:3)
  An ogre (D:6)
  A scorpion (D:6)
  A jelly (D:3)
  8 adders
  A worm (D:2)
  A dart slug (D:1)
  7 orcs
  4 endoplasms
  2 giant cockroaches (D:2)
  3 goblins (D:3)
  4 hobgoblins
  5 jackals
  5 kobolds
  2 quokkas
  2 ball pythons (D:1)
  9 bats
  2 frilled lizards (D:3)
  5 rats
65 creatures vanquished.

Notes
Turn   | Place    | Note
-------+----------+-------------------------------------------
     0 | D:1      | Dirian the Minotaur Fighter began the quest for the Orb.
     0 | D:1      | Reached XP level 1. HP: 19/19 MP: 0/0
   357 | D:1      | Reached XP level 2. HP: 27/27 MP: 1/1
   839 | D:2      | Reached XP level 3. HP: 31/33 MP: 2/2
  1376 | D:3      | Noticed an ice beast
  1678 | D:3      | Reached XP level 4. HP: 41/41 MP: 3/3
  1778 | D:3      | Killed an ice beast
  1779 | D:3      | Reached skill level 5 in Fighting
  1779 | D:3      | Reached skill level 5 in Armour
  1779 | D:3      | Reached XP level 5. HP: 25/48 MP: 4/4
  2024 | D:3      | Found Bakouci's Antique Weapon Emporium.
  2146 | D:3      | Identified the +7 sling "Qoroh" {drain, Contam +Blink rElec
                  | Stlth+}
  2353 | D:4      | You fall into a shaft and drop 2 floors!
  2354 | D:6      | Noticed a sky beast
  2365 | D:6      | Killed a sky beast
  2366 | D:6      | Reached skill level 5 in Shields
  2366 | D:6      | Reached XP level 6. HP: 57/57 MP: 5/5
  2480 | D:6      | Noticed Maggie
  2502 | D:6      | HP: 2/58 [something (4)]
  2505 | D:6      | Slain by Maggie

Illustrated notes

Levels and vault maps discovered:
D:1:      minmay_arrival_doors, layout_basic, minivault_26
D:2:      layout_rooms, minmay_small_reverse_x
D:3:      minmay_octagon_keep, layout_basic, serial_shops,
          nicolae_shop_behind_doors, grunt_ministairs_12
D:4:      layout_basic, serial_shops, nicolae_shop_waterfront
D:6:      layout_basic, nicolae_wu_jian_immortal_techniques,
          serial_corexii_hall, corexii_hall_statues_u, corexii_hall_statues_l,
          nzn_random_ring, uniq_duvessa, uniq_maggie

Skill      XL: |  1  2  3  4  5  6 |
---------------+-------------------+-----
Armour         | 4 5 6 |  6.7
Fighting       | 4 5 6 |  6.3
Shields        | 4 5 |  5.4
Axes           | |  2.4

Action                     |  1- 3 |  4- 6 || total
---------------------------+-------+-------++-------
  Melee: War axe           |    68 |    85 ||   153
         Headbutt          |     9 |    13 ||    22
    Use: Scroll            |       |     8 ||     8
         Potion            |       |     3 ||     3
 Armour: Scale mail        |    41 |    44 ||    85
  Dodge: Dodged            |    35 |    31 ||    66
  Block: Buckler           |    15 |    16 ||    31

Table legend: (Time is in decaauts)
 A = Elapsed time spent in this place.
 B = Non-inter-level travel time spent in this place.
 C = Inter-level travel time spent in this place.
 D = Time resting spent in this place.
 E = Time spent auto-exploring this place.
 F = Levels seen in this place.
 G = Mean time per level.
                   A        B        C        D        E       F      G
               +--------+--------+--------+--------+--------+-----+--------+
         Total |   2566 |   2379 |    187 |      0 |   1778 |   5 |  513.2 |
       Dungeon |   2566 |   2379 |    187 |      0 |   1778 |   5 |  513.2 |
               +--------+--------+--------+--------+--------+-----+--------+

Top non-repeatable levels by time:
     D:3: 929 daAuts
     D:1: 822 daAuts
     D:2: 614 daAuts
     D:6: 161 daAuts
     D:4: 37 daAuts
